[Event "Titled Tuesday Blitz February 15 Early 2022"]
[White "Makarian, Rudik"]
[Black "Bortnyk, Olexandr"]
[WhiteFideId "44105681"]
[BlackFideId "14120828"]
[WhiteElo "2486"]
[BlackElo "2723"]
[Result "0-1"]
[Round "05"]
[TimeControl "180+1"]
[Date "2022.02.15"]
[WhiteClock "0:00:12"]
[BlackClock "0:00:25"]

1. c4 d6 2. Nf3 Nf6 3. Nc3 e5 4. d4 Nbd7 5. e4 g6 6. Be2 Bg7 7. O-O O-O 8. Be3 c6 9. d5 c5 10. Ne1 Ne8 11. g3 f5 12. exf5 gxf5 13. f4 e4 14. Qd2 Ndf6 15. Ng2 Qe7 16. Rab1 a5 17. Kh1 Bd7 18. Rg1 Kh8 19. a4 Nc7 20. Nb5 Na6 21. Qe1 Nb4 22. Bd2 Nc2 23. Qd1 Nd4 24. Bc3 Bxb5 25. axb5 e3 26. Bxd4 cxd4 27. Qxd4 Ng4 0-1


[Site "https://www.chess.com"]

[Event "Titled Tuesday Blitz February 15 Early 2022"]
[White "Martin Carmona, Gaston Manuel"]
[Black "Brodowski, Piotr"]
[WhiteFideId "22284567"]
[BlackFideId "1124480"]
[WhiteElo "2161"]
[BlackElo "2422"]
[Result "1-0"]
[Round "05"]
[TimeControl "180+1"]
[Date "2022.02.15"]
[WhiteClock "0:00:17"]
[BlackClock "0:00:02"]

1. e4 d6 2. d4 Nf6 3. Nc3 g6 4. g3 Bg7 5. Bg2 O-O 6. Nf3 c6 7. a4 a5 8. O-O Bg4 9. h3 Bxf3 10. Qxf3 Nfd7 11. Be3 Na6 12. Qe2 e5 13. d5 Qe7 14. Rad1 Nac5 15. b3 Rac8 16. dxc6 bxc6 17. Qd2 Nb7 18. f4 exf4 19. gxf4 Ndc5 20. Bd4 Rfe8 21. Kh2 Bh6 22. Qf2 Bg7 23. Rfe1 Bxd4 24. Qxd4 Qh4 25. Qe3 Qf6 26. e5 Qe7 27. Qg3 d5 28. f5 Kh8 29. Rd4 gxf5 30. Rf4 Rg8 31. Qf2 Rg7 32. Rxf5 Rcg8 33. Bh1 Ne6 34. Rf6 Nbc5 35. Rf1 d4 36. Ne4 Nxe4 37. Bxe4 Ng5 38. Qf5 Qb4 39. Bd3 Qd2+ 40. Rf2 Qe3 41. h4 Ne4 42. Qf3 Qxf2+ 43. Qxf2 Nxf2 44. Rxf2 Rg4 45. Kh3 Rg3+ 46. Kh2 R8g7 47. Rf6 R3g4 48. Kh3 Rg1 49. Kh2 Re1 50. Rxc6 Rxe5 51. Rc8+ Rg8 52. Rc7 Kg7 53. Kg3 Rge8 54. Kf4 R8e7 55. Rc6 R5e6 56. Rc5 Rf6+ 57. Kg3 Re1 58. Kg2 h5 59. Rxh5 Re3 60. Rg5+ Kf8 61. Rxa5 Rff3 62. Rg5 f6 63. Rg4 1-0


[Site "https://www.chess.com"]

[Event "Titled Tuesday Blitz February 15 Early 2022"]
[White "Martin, Lewis"]
[Black "Bodnaruk, Anastasia"]
[WhiteFideId "410551"]
[BlackFideId "4181751"]
[WhiteElo "2145"]
[BlackElo "2393"]
[Result "1/2-1/2"]
[Round "05"]
[TimeControl "180+1"]
[Date "2022.02.15"]
[WhiteClock "0:00:40"]
[BlackClock "0:00:04"]

1. e4 c5 2. Nf3 d6 3. d4 cxd4 4. Nxd4 Nf6 5. Nc3 a6 6. Bg5 Nbd7 7. Qe2 h6 8. Bh4 g6 9. O-O-O Bg7 10. f4 e5 11. g4 O-O 12. fxe5 dxe5 13. Nf5 gxf5 14. gxf5 Qb6 15. Qg2 Kh7 16. Bc4 Qe3+ 17. Kb1 b5 18. Rhg1 Nh5 19. Bxf7 Rxf7 20. Qg6+ Kg8 21. Qxh5 Bb7 22. Qxf7+ Kxf7 23. Rxd7+ Kf8 24. Rgxg7 Qf4 25. a3 Qxh4 26. Rxb7 Rd8 27. Nd5 Rxd5 28. exd5 Qc4 29. d6 Qf1+ 30. Ka2 Qc4+ 31. Kb1 Qf1+ 32. Ka2 Qc4+ 33. Kb1 1/2-1/2


[Site "https://www.chess.com"]

[Event "Titled Tuesday Blitz February 15 Early 2022"]
[White "Martinez Alcantara, Jose Eduardo"]
[Black "Cunjalo, Faris"]
[WhiteFideId "3805662"]
[BlackFideId "14410710"]
[WhiteElo "2690"]
[BlackElo "2263"]
[Result "0-1"]
[Round "05"]
[TimeControl "180+1"]
[Date "2022.02.15"]
[WhiteClock "0:00:04"]
[BlackClock "0:00:07"]

1. e4 c6 2. d4 d5 3. e5 c5 4. Nf3 cxd4 5. Nxd4 Nc6 6. c4 e6 7. Nc3 Bb4 8. Nxc6 bxc6 9. cxd5 Qxd5 10. Qe2 a5 11. Bd2 Bxc3 12. Bxc3 Ba6 13. Qg4 h5 14. Qf4 Bxf1 15. Kxf1 Ne7 16. h4 Nf5 17. a4 Rh6 18. Qf3 Rg6 19. Rd1 Qc4+ 20. Qd3 Qxd3+ 21. Rxd3 Rg4 22. b3 c5 23. g3 c4 24. bxc4 Rxc4 25. Kg2 Rxa4 26. Rc1 Rc8 27. Bd2 Rxc1 28. Bxc1 Rc4 29. Bg5 Nd4 30. Be3 Nc6 31. Rb3 a4 32. Rb6 Nxe5 33. Rb5 f6 34. Ra5 Kf7 35. Ra7+ Kg6 36. Bf4 Nc6 37. Ra6 e5 38. Be3 Nd4 39. Ra7 Nc2 40. Bd2 Rd4 41. Bc1 Rd1 42. Bb2 Rb1 43. Bc3 a3 44. Bd2 Rb2 45. Bc1 Rb3 46. Bd2 Nd4 47. Be3 Nb5 48. Ra5 Nc3 49. Bc1 a2 50. Bd2 Ne4 51. Be3 Rb2 52. Kf3 Nc3 53. Ra3 Rb1 54. Bd2 a1=Q 55. Rxa1 Rxa1 56. Bxc3 Ra3 57. Ke4 Rxc3 58. f4 Rxg3 59. f5+ Kf7 0-1


[Site "https://www.chess.com"]

[Event "Titled Tuesday Blitz February 15 Early 2022"]
[White "Martirosyan, Haik M."]
[Black "Kezin, Roman"]
[WhiteFideId "13306553"]
[BlackFideId "24124621"]
[WhiteElo "2735"]
[BlackElo "2509"]
[Result "1-0"]
[Round "05"]
[TimeControl "180+1"]
[Date "2022.02.15"]
[WhiteClock "0:01:35"]
[BlackClock "0:00:01"]

1. c4 e6 2. Nc3 d5 3. d4 c6 4. Qd3 Nf6 5. Nf3 dxc4 6. Qxc4 b5 7. Qd3 Nbd7 8. e4 b4 9. Na4 Qa5 10. b3 c5 11. d5 exd5 12. exd5 Bd6 13. Qe3+ Kd8 14. Qg5 Re8+ 15. Be3 h6 16. Qxg7 Nxd5 17. O-O-O Bb7 18. Bc4 Nxe3 19. fxe3 Kc7 20. Qxh6 f6 21. Rxd6 Kxd6 22. Qf4+ Ke7 23. Rd1 Kd8 24. Qxf6+ Kc8 25. Qf7 Qd8 26. Nxc5 Re7 27. Nxb7 Kxb7 28. Qd5+ Kb8 29. Nd4 1-0


[Site "https://www.chess.com"]

[Event "Titled Tuesday Blitz February 15 Early 2022"]
[White "Maze, Sebastien"]
[Black "Molina, Roberto Junio Brito"]
[WhiteFideId "613762"]
[BlackFideId "2109450"]
[WhiteElo "2587"]
[BlackElo "2801"]
[Result "1/2-1/2"]
[Round "05"]
[TimeControl "180+1"]
[Date "2022.02.15"]
[WhiteClock "0:00:13"]
[BlackClock "0:00:26"]

1. e4 c6 2. Nf3 d5 3. Nc3 dxe4 4. Nxe4 Bg4 5. h3 Bxf3 6. Qxf3 Nd7 7. d4 Ndf6 8. c3 Nxe4 9. Qxe4 Nf6 10. Qf3 Qd5 11. Qxd5 Nxd5 12. a4 e6 13. Bd3 g6 14. g3 h5 15. h4 Bh6 16. f4 O-O-O 17. Ke2 Rd7 18. Rd1 Bg7 19. Bd2 Rhd8 20. Be1 a6 21. Bf2 Bf6 22. Kf3 Ne7 23. Bc2 Nd5 24. Re1 Kc7 25. Re2 Kc8 26. Rae1 Kc7 27. a5 Kc8 28. Be3 Rg8 29. Bc1 Bd8 30. Bd2 Bxa5 31. Ra1 Bb6 32. Be1 Rgd8 33. Bf2 Ne7 34. Bg1 Kb8 35. Bf2 Rc8 36. Re5 Rdc7 37. Rd1 Rd7 38. Ra1 Rcd8 39. Ree1 Nd5 40. Re2 Bc7 41. Ree1 Bd6 42. Re2 Be7 43. Ree1 Bf6 44. Re2 Nc7 45. Ree1 Nb5 46. Re2 Nd6 47. Bd3 Kc7 48. Ra4 Rc8 49. Ra1 Kd8 50. Ree1 Ke7 51. Re2 Kf8 52. Ree1 Kg8 53. Bf1 Bg7 54. Red1 Rcd8 55. Re1 Bf8 56. Bh3 Nb5 57. Bf1 Nc7 58. Bc4 Nd5 59. Bd3 Nf6 60. Bc2 Rc7 61. Ra5 Rdd7 62. Bg1 Be7 63. Bf2 Rc8 64. Bg1 Bd8 65. Ra4 Bb6 66. Rb4 Ba7 67. Ra4 c5 68. dxc5 Bxc5 69. Bxc5 Rxc5 70. Rd1 Rxd1 71. Bxd1 Rd5 72. Ke2 Rd7 73. Bc2 Kf8 74. Rb4 Ke7 75. Ba4 Rc7 76. Rd4 Nd5 77. Bb3 Nb6 78. Ba2 Nd7 79. Rb4 b5 80. Bb1 Nb6 81. Rb3 Na4 82. Bc2 Nc5 83. Ra3 Rc6 84. b4 Nd7 85. Be4 Rb6 86. Bf3 Nf6 87. Ra1 Kd6 88. Ke3 Nd5+ 89. Kd4 Rc6 90. Bxd5 exd5 91. Kd3 Ke6 92. Re1+ Kf5 93. Re5+ Kg4 94. Rg5+ Kf3 95. f5 gxf5 96. Rxf5+ Kxg3 97. Rxh5 Kg4 98. Rh8 f5 99. h5 Kg5 100. Kd4 Rc4+ 101. Kxd5 Rxc3 102. h6 Kg6 103. Ke5 Re3+ 104. Kd5 Re4 105. Kc5 f4 106. Ra8 Re6 107. Rf8 Re4 108. Ra8 Re5+ 109. Kd4 Re6 110. Rf8 Kxh6 111. Rxf4 Kg5 112. Rf8 Rc6 113. Ra8 Kf5 114. Kd5 Rc4 115. Rxa6 Rxb4 116. Kc5 Rb1 117. Rb6 Ke5 118. Rxb5 Rc1+ 119. Kb6+ Kd6 120. Rb4 Kd5 121. Rb5+ Kd6 122. Rb4 Rc6+ 123. Kb5 Rc5+ 124. Ka4 Kc6 125. Kb3 Rh5 126. Rc4+ Kd5 127. Rc3 Rh4 128. Rd3+ Kc5 129. Rc3+ Kb5 130. Rd3 Rh5 131. Kc3 Kc5 132. Kb3 Rh1 133. Rc3+ Kd5 134. Rd3+ Ke4 135. Rc3 Kd4 136. Rc4+ Kd3 137. Rc3+ Ke4 138. Rc4+ Kd5 139. Rc3 Rb1+ 140. Kc2 Rb8 141. Rd3+ Ke4 142. Rc3 Rb7 143. Rb3 Rc7+ 144. Rc3 Ra7 145. Rb3 Kd4 146. Rb4+ Kd5 147. Rh4 Ra2+ 148. Kb3 Rg2 149. Rh5+ Ke4 150. Rh4+ Kd3 151. Rh3+ Kd4 152. Rh4+ Ke3 153. Rh3+ Kf2 154. Rc3 Rg7 155. Rc2+ Ke3 156. Rc3+ Kd4 157. Rc4+ Kd3 158. Rc3+ Ke4 159. Rc4+ Ke5 160. Rc3 Kd4 161. Rc4+ Kd5 162. Rc3 Rb7+ 163. Kc2 Kd4 164. Rd3+ Ke4 165. Rc3 Ra7 166. Kb3 Kd5 167. Rd3+ Ke4 168. Rc3 1/2-1/2


[Site "https://www.chess.com"]

[Event "Titled Tuesday Blitz February 15 Early 2022"]
[White "Mikhailovsky, Vladimir"]
[Black "Eynullayev, Altay"]
[WhiteFideId "34105414"]
[BlackFideId "13413562"]
[WhiteElo "2732"]
[BlackElo "2498"]
[Result "1-0"]
[Round "05"]
[TimeControl "180+1"]
[Date "2022.02.15"]
[WhiteClock "0:00:16"]
[BlackClock "0:00:03"]

1. d4 Nf6 2. c4 e6 3. Nc3 Bb4 4. Nf3 b6 5. Bg5 Bb7 6. e3 h6 7. Bh4 g5 8. Bg3 Ne4 9. Qc2 Nxg3 10. hxg3 Qf6 11. Bd3 d6 12. O-O-O Nd7 13. Ne4 Qg7 14. a3 Ba5 15. b4 f5 16. Nc3 Nf6 17. bxa5 bxa5 18. d5 exd5 19. Bxf5 dxc4 20. Nd4 Qe7 21. Bg6+ Kf8 22. Qf5 d5 23. Ne6+ Kg8 24. Nc5 Bc6 25. e4 Rf8 26. Qe6+ Qxe6 27. Nxe6 Rb8 28. exd5 Bd7 29. Rhe1 h5 30. Re5 g4 31. Rg5 Bxe6 32. dxe6 Kf8 33. Nd5 Nxd5 34. Rgxd5 Rb3 35. Rd8+ Kg7 36. R1d7+ Kxg6 37. Rxh8 Rxa3 38. e7 Ra1+ 39. Kb2 Re1 40. e8=Q+ 1-0


[Site "https://www.chess.com"]

[Event "Titled Tuesday Blitz February 15 Early 2022"]
[White "Mischuk, Dmitry"]
[Black "Danaci, Ege"]
[WhiteFideId "14118734"]
[BlackFideId "34506748"]
[WhiteElo "2256"]
[BlackElo "1799"]
[Result "1-0"]
[Round "05"]
[TimeControl "180+1"]
[Date "2022.02.15"]
[WhiteClock "0:01:09"]
[BlackClock "0:00:12"]

1. e4 c5 2. d4 cxd4 3. Nf3 e5 4. c3 dxc3 5. Nxc3 Nc6 6. Bc4 d6 7. Ng5 Nh6 8. Qf3 f5 9. exf5 Nd4 10. Qh5+ Kd7 11. Ne6 Nxe6 12. fxe6+ Kc7 13. Bg5 Be7 14. Bxe7 1-0


[Site "https://www.chess.com"]

[Event "Titled Tuesday Blitz February 15 Early 2022"]
[White "Miszler, Levente"]
[Black "Marcinczyk, Monika"]
[WhiteFideId "763276"]
[BlackFideId "1192051"]
[WhiteElo "1966"]
[BlackElo "1730"]
[Result "1-0"]
[Round "05"]
[TimeControl "180+1"]
[Date "2022.02.15"]
[WhiteClock "0:01:35"]
[BlackClock "0:01:14"]

1. d4 d5 2. c4 e6 3. Nf3 dxc4 4. e3 b5 5. a4 c6 6. axb5 cxb5 7. b3 Bb4+ 8. Bd2 Bxd2+ 9. Nbxd2 c3 10. Bxb5+ Bd7 11. Bxd7+ Nxd7 12. Nc4 Nb6 13. Qc2 Nf6 14. Qxc3 O-O 15. O-O Ne4 16. Qd3 Nd6 17. Nfe5 Nd5 18. Rfc1 Nb4 19. Qd2 a5 20. Nxa5 Rxa5 21. Qxb4 Rxa1 22. Rxa1 Ne4 23. Nc6 Qg5 24. Qxf8+ Kxf8 25. Ra8+ Qd8 26. Rxd8# 1-0


[Site "https://www.chess.com"]

[Event "Titled Tuesday Blitz February 15 Early 2022"]
[White "Moksh Amit Doshi"]
[Black "Mosutha, Thuso"]
[WhiteFideId "25064967"]
[BlackFideId "11302550"]
[WhiteElo "2245"]
[BlackElo "2028"]
[Result "1-0"]
[Round "05"]
[TimeControl "180+1"]
[Date "2022.02.15"]
[WhiteClock "0:00:59"]
[BlackClock "0:00:05"]

1. e4 e6 2. d4 d5 3. Nc3 Nf6 4. e5 Nfd7 5. f4 c5 6. Nf3 Nc6 7. Be3 cxd4 8. Nxd4 Bc5 9. Qd2 O-O 10. O-O-O Nxd4 11. Bxd4 Bxd4 12. Qxd4 f6 13. Nxd5 fxe5 14. fxe5 Qg5+ 15. Ne3 Qxe5 16. Bc4 Kh8 17. Rhf1 Rxf1 18. Nxf1 Qxd4 19. Rxd4 e5 20. Rd6 g6 21. Be6 Nb6 22. Rd8+ Kg7 23. Re8 Bxe6 24. Rxe6 Rf8 25. Ne3 Nd7 26. Kd2 Kf7 27. Rd6 Rd8 28. Nd5 b6 29. c4 Ke8 30. Kc3 Nc5 31. Nf6+ Ke7 32. Rxd8 Kxd8 33. Nxh7 Ne4+ 34. Kd3 Nd6 35. Nf8 Ke7 36. Nxg6+ Kf6 37. Nh4 e4+ 38. Kd4 Kg5 39. g3 Nf7 40. Kxe4 Nd6+ 41. Kd5 Nb7 42. b4 a5 43. a3 axb4 44. axb4 Kg4 45. c5 bxc5 46. bxc5 Na5 47. c6 Nxc6 48. Kxc6 Kh3 49. Kd5 Kxh2 50. g4 1-0


[Site "https://www.chess.com"]

[Event "Titled Tuesday Blitz February 15 Early 2022"]
[White "Moroni, Luca Jr"]
[Black "Garagulya, Konstantin"]
[WhiteFideId "865834"]
[BlackFideId "4128931"]
[WhiteElo "2573"]
[BlackElo "2329"]
[Result "1-0"]
[Round "05"]
[TimeControl "180+1"]
[Date "2022.02.15"]
[WhiteClock "0:00:16"]
[BlackClock "0:00:02"]

1. d4 Nf6 2. Bf4 e6 3. e3 c5 4. Nf3 Qb6 5. Na3 d5 6. Nb5 Na6 7. h3 Bd7 8. a4 Be7 9. a5 Qd8 10. Nd6+ Bxd6 11. Bxd6 Ne4 12. dxc5 Naxc5 13. Bxc5 Nxc5 14. Qd4 Qe7 15. Qxg7 O-O-O 16. Qd4 Kb8 17. b4 Ne4 18. Bd3 Nd6 19. Rb1 f6 20. Be2 Rhg8 21. b5 Rxg2 22. b6 a6 23. Rb3 Bc6 24. Rc3 e5 25. Qb4 Nf5 26. Qxe7 Nxe7 27. Rg1 Rxg1+ 28. Nxg1 Nf5 29. Nf3 d4 30. exd4 exd4 31. Rc5 Rd5 32. Rc4 Rxa5 33. Nxd4 Ne7 34. Rc3 Ra1+ 35. Kd2 Rb1 36. Re3 Nc8 37. Nxc6+ bxc6 38. Re8 Kb7 39. Bxa6+ Kxa6 40. Rxc8 1-0


[Site "https://www.chess.com"]

[Event "Titled Tuesday Blitz February 15 Early 2022"]
[White "Moskvin, Anatoly"]
[Black "Visakh N R"]
[WhiteFideId "24199990"]
[BlackFideId "25012223"]
[WhiteElo "2422"]
[BlackElo "2776"]
[Result "0-1"]
[Round "05"]
[TimeControl "180+1"]
[Date "2022.02.15"]
[WhiteClock "0:00:06"]
[BlackClock "0:00:14"]

1. e4 c5 2. Nf3 d6 3. d4 cxd4 4. Nxd4 Nf6 5. f3 e5 6. Bb5+ Nbd7 7. Ne2 a6 8. Bxd7+ Bxd7 9. c4 b5 10. cxb5 axb5 11. O-O Qb6+ 12. Kh1 b4 13. Nd2 Bb5 14. a4 Be7 15. b3 O-O 16. Re1 Rfc8 17. Ng3 Bd3 18. Nf5 Bf8 19. Ne3 Qd4 20. Ra2 d5 21. Bb2 Rc3 22. exd5 Rac8 23. Bxc3 bxc3 24. Ndc4 Nxd5 25. Nxd5 Qxd5 26. Rxe5 Qd4 27. Re3 Rd8 28. Rxd3 Qxd3 29. Qxd3 Rxd3 30. g3 g5 31. Rc2 Bc5 32. Kg2 h5 33. h4 g4 34. fxg4 hxg4 35. a5 Ba7 36. Kf1 Rxg3 37. b4 Rg1+ 38. Ke2 Rg2+ 39. Kd3 Rxc2 40. Kxc2 g3 41. b5 g2 42. b6 g1=Q 43. bxa7 Qxa7 44. Kxc3 Kh7 45. Kb4 Kg6 46. Kb5 Qd7+ 47. Kc5 Qc7+ 48. Kb5 Qd7+ 49. Kc5 Kh5 50. Ne5 Qc7+ 51. Nc6 f5 52. a6 f4 53. a7 Qb7 54. Kd6 f3 55. Nd8 Qa6+ 56. Ke7 Qxa7+ 0-1


[Site "https://www.chess.com"]

[Event "Titled Tuesday Blitz February 15 Early 2022"]
[White "Murthy, Pappu"]
[Black "Sharapov, Evgeny"]
[WhiteFideId "2013401"]
[BlackFideId "14103133"]
[WhiteElo "1938"]
[BlackElo "2367"]
[Result "0-1"]
[Round "05"]
[TimeControl "180+1"]
[Date "2022.02.15"]
[WhiteClock "0:00:09"]
[BlackClock "0:01:56"]

1. c4 c5 2. Nc3 Nc6 3. g3 g6 4. Bg2 Bg7 5. e4 e6 6. Nge2 Nge7 7. O-O O-O 8. d3 d6 9. Be3 Nd4 10. f4 Rb8 11. a4 a6 12. Rc1 Nec6 13. b3 b5 14. axb5 axb5 15. h3 b4 16. Na4 Nxe2+ 17. Qxe2 Nd4 18. Qd1 Bd7 19. Nb2 Ra8 20. Rb1 Ra3 21. Bxd4 Bxd4+ 22. Kh2 Qf6 23. Qc2 Ra2 24. Qc1 Rxb2 25. Rxb2 Bxb2 26. Qd1 Bd4 27. g4 g5 28. f5 Be5+ 29. Kh1 Bf4 30. Qa1 Qxa1 31. Rxa1 Rd8 32. Ra7 Kg7 33. Bf3 Kf6 34. Kg2 Ke5 35. Kf2 Kd4 36. Ke2 Kc3 37. fxe6 Bxe6 0-1


[Site "https://www.chess.com"]

[Event "Titled Tuesday Blitz February 15 Early 2022"]
[White "Namitbir Singh Walia"]
[Black "Sargsyan, Anna M."]
[WhiteFideId "35071068"]
[BlackFideId "13308130"]
[WhiteElo "1479"]
[BlackElo "2271"]
[Result "0-1"]
[Round "05"]
[TimeControl "180+1"]
[Date "2022.02.15"]
[WhiteClock "0:00:05"]
[BlackClock "0:00:06"]

1. e4 c6 2. Nc3 d5 3. Nf3 Bg4 4. h3 Bxf3 5. Qxf3 Nf6 6. d4 dxe4 7. Qe3 Nbd7 8. Be2 Nd5 9. Qxe4 N7f6 10. Qe5 e6 11. Nxd5 cxd5 12. Bb5+ Nd7 13. O-O a6 14. Bxd7+ Qxd7 15. Bf4 h6 16. Rfe1 Rc8 17. c3 Qb5 18. Re2 Kd7 19. Rae1 Qa5 20. a3 Qb6 21. Qh5 g6 22. Qf3 Rh7 23. h4 Be7 24. h5 g5 25. Be5 f5 26. Bh2 Rc6 27. Qd3 Rf7 28. Be5 g4 29. Qd2 Bg5 30. Bf4 Rg7 31. Qe3 Bxf4 32. Qxf4 Rg5 33. Qe5 Qc7 34. Qxc7+ Kxc7 35. Rxe6 Rxh5 36. Re7+ Kb6 37. Rf7 Ka5 38. Rxb7 f4 39. Rf7 f3 40. gxf3 gxf3 41. Rxf3 Ka4 42. Rg3 Kb3 43. Re2 a5 44. Kg2 a4 45. Rh3 Rg6+ 46. Rg3 Rb6 47. f4 Ka2 48. Re5 Rxb2+ 49. Kf3 Rhh2 50. f5 Kxa3 51. Rxd5 Ka2 52. Kf4 a3 53. Ke5 Rbe2+ 54. Kd6 Rhf2 55. c4 h5 56. Ra5 Kb2 57. Rgxa3 h4 58. Rh3 Re4 59. d5 Rxf5 60. Rb5+ Kc2 61. c5 Rd4 62. Kc7 Rfxd5 63. c6 Rxb5 64. Rh2+ Kc3 0-1


[Site "https://www.chess.com"]

[Event "Titled Tuesday Blitz February 15 Early 2022"]
[White "Nazari, Arad"]
[Black "Guseva, Marina"]
[WhiteFideId "12577324"]
[BlackFideId "4149351"]
[WhiteElo "2120"]
[BlackElo "2232"]
[Result "1-0"]
[Round "05"]
[TimeControl "180+1"]
[Date "2022.02.15"]
[WhiteClock "0:00:36"]
[BlackClock "0:00:01"]

1. e4 c5 2. Nf3 d6 3. Bb5+ Nd7 4. d4 cxd4 5. Qxd4 a6 6. Bxd7+ Bxd7 7. O-O e5 8. Qd3 h6 9. c4 b5 10. Nfd2 Nf6 11. Nc3 Qb8 12. b3 Be7 13. a4 bxc4 14. Nxc4 O-O 15. Ba3 Rc8 16. Rab1 Be6 17. Rfc1 Rd8 18. Ne3 Qb7 19. Ncd5 Nxd5 20. Nxd5 Bxd5 21. Qxd5 Rab8 22. Rc6 Rd7 23. b4 Kh7 24. g3 Qa8 25. Rbc1 Bg5 26. R1c3 Rbb7 27. Kg2 Qa7 28. Rf3 Bf6 29. Rxd6 1-0


[Site "https://www.chess.com"]

[Event "Titled Tuesday Blitz February 15 Early 2022"]
[White "Nesterov, Arseniy"]
[Black "De Silva, L M S T"]
[WhiteFideId "24198455"]
[BlackFideId "9953698"]
[WhiteElo "2489"]
[BlackElo "1631"]
[Result "1-0"]
[Round "05"]
[TimeControl "180+1"]
[Date "2022.02.15"]
[WhiteClock "0:00:39"]
[BlackClock "0:00:31"]

1. d4 Nf6 2. c4 e6 3. Nf3 b6 4. g3 Bb7 5. Bg2 g6 6. O-O Bg7 7. Nc3 Ne4 8. Bd2 O-O 9. Be1 Nxc3 10. Bxc3 d6 11. Qc2 f5 12. d5 e5 13. b4 Nd7 14. Rad1 Qe7 15. Nd2 e4 16. Nb3 Ne5 17. Ba1 Ba6 18. c5 bxc5 19. bxc5 e3 20. f4 Ng4 21. Bxg7 Qxg7 22. Nd4 Qf6 23. Ne6 Rf7 24. Bf3 Nf2 25. Rb1 Rc8 26. Qa4 Bxe2 27. Bxe2 c6 28. cxd6 cxd5 29. d7 Ra8 30. Qc6 1-0


[Site "https://www.chess.com"]

[Event "Titled Tuesday Blitz February 15 Early 2022"]
[White "Nguyen Hong Nhung"]
[Black "Petrova, Irina"]
[WhiteFideId "12412201"]
[BlackFideId "14124122"]
[WhiteElo "1661"]
[BlackElo "1988"]
[Result "1-0"]
[Round "05"]
[TimeControl "180+1"]
[Date "2022.02.15"]
[WhiteClock "0:00:19"]
[BlackClock "0:00:10"]

1. e4 e5 2. Nf3 d6 3. d4 exd4 4. Nxd4 Nf6 5. Nc3 Be7 6. Bf4 O-O 7. Qd2 Nc6 8. O-O-O Nxd4 9. Qxd4 a6 10. f3 Be6 11. g4 Nd7 12. Qd2 b5 13. h4 b4 14. Nd5 Bxd5 15. exd5 Ne5 16. Qe3 Ng6 17. Bg5 Re8 18. Bxe7 Rxe7 19. Qd4 a5 20. f4 Qe8 21. Bd3 a4 22. h5 Nf8 23. h6 f6 24. hxg7 Rxg7 25. Qxf6 b3 26. a3 Qe3+ 27. Kb1 bxc2+ 28. Bxc2 Rb8 29. Rd3 Qb6 30. Rdh3 Nd7 31. Qe6+ Kf8 32. Qf5+ Kg8 33. Qe6+ Kf8 34. b4 axb3 35. Bxh7 b2 36. Bc2 Qc5 37. Rh8+ 1-0


[Site "https://www.chess.com"]

[Event "Titled Tuesday Blitz February 15 Early 2022"]
[White "Nguyen, Ngoc Truong Son"]
[Black "Tregubov, Pavel V."]
[WhiteFideId "12401110"]
[BlackFideId "4115341"]
[WhiteElo "2819"]
[BlackElo "2601"]
[Result "1-0"]
[Round "05"]
[TimeControl "180+1"]
[Date "2022.02.15"]
[WhiteClock "0:00:12"]
[BlackClock "0:00:10"]

1. e4 c5 2. Nf3 e6 3. d4 cxd4 4. Nxd4 Nc6 5. Nc3 Nf6 6. Nxc6 bxc6 7. Bd3 d5 8. O-O Be7 9. Qe2 O-O 10. b3 Bb7 11. Re1 Re8 12. Bb2 Bf8 13. Na4 Nxe4 14. Bxe4 dxe4 15. Qxe4 Qe7 16. Qe3 c5 17. Ba3 Rac8 18. c4 Qc7 19. Rad1 Bc6 20. Nxc5 Ba8 21. b4 Red8 22. Bb2 Bxc5 23. Qxc5 Qxc5 24. bxc5 Kf8 25. f3 Bc6 26. Be5 Rxd1 27. Rxd1 f6 28. Bd6+ Kf7 29. Rd3 e5 30. Ra3 Ra8 31. Kf2 Ke6 32. h4 Kd7 33. Rd3 Ke6 34. Bf8 Rxf8 35. Rd6+ Ke7 36. Rxc6 Rb8 37. Rc7+ Ke6 38. Rxa7 Rb2+ 39. Kg3 Rc2 40. Rxg7 Rxc4 41. Rxh7 Rxc5 42. Ra7 Rc2 43. a4 f5 44. Ra6+ Kd5 45. h5 e4 46. fxe4+ fxe4 47. h6 e3 48. h7 Rc8 49. Rh6 1-0


[Site "https://www.chess.com"]

[Event "Titled Tuesday Blitz February 15 Early 2022"]
[White "Niemann, Hans Moke"]
[Black "Boruchovsky, Avital"]
[WhiteFideId "2093596"]
[BlackFideId "2800055"]
[WhiteElo "2636"]
[BlackElo "2469"]
[Result "0-1"]
[Round "05"]
[TimeControl "180+1"]
[Date "2022.02.15"]
[WhiteClock "0:00:03"]
[BlackClock "0:00:08"]

1. d4 Nf6 2. Nc3 d5 3. Bf4 e6 4. Nb5 Na6 5. e3 Be7 6. Nf3 O-O 7. Be2 c5 8. O-O Bd7 9. a4 Ne4 10. Ne5 Be8 11. c3 Nd6 12. Qc2 Nxb5 13. Bxb5 Nc7 14. Be2 Rc8 15. Rfd1 f6 16. Nf3 Bg6 17. Qd2 Ne8 18. c4 cxd4 19. Nxd4 Bf7 20. Bg4 f5 21. Be2 dxc4 22. Rac1 Bf6 23. Bg3 g6 24. Bxc4 Rxc4 25. Rxc4 e5 26. Rcc1 exd4 27. exd4 Nd6 28. f3 Nc4 29. Qc3 Nb6 30. Be5 Nd5 31. Qd2 Qb6 32. Kh1 Bxe5 33. dxe5 Ne3 34. Re1 f4 35. h3 Re8 36. Qc3 Qe6 37. Qb4 Qxe5 38. Qxb7 Re7 39. Qc8+ Kg7 40. Qc3 Qxc3 41. Rxc3 Rb7 42. Re2 g5 43. Kh2 Bb3 44. a5 Bf7 45. Kg1 Rb5 46. Ra3 a6 47. g3 Nc4 48. Rc3 Rxa5 49. gxf4 gxf4 50. Re4 Ra1+ 51. Kf2 Nxb2 52. Ke2 Ra2 53. Rc7 Nc4+ 54. Ke1 Ra1+ 55. Ke2 Ra2+ 56. Kd3 Ra3+ 57. Kd4 Nd6 58. Rxf4 Nb5+ 0-1


[Site "https://www.chess.com"]

[Event "Titled Tuesday Blitz February 15 Early 2022"]
[White "Nogerbek, Kazybek"]
[Black "Mamedyarov, Shakhriyar"]
[WhiteFideId "13710427"]
[BlackFideId "13401319"]
[WhiteElo "2478"]
[BlackElo "2769"]
[Result "0-1"]
[Round "05"]
[TimeControl "180+1"]
[Date "2022.02.15"]
[WhiteClock "0:00:01"]
[BlackClock "0:01:33"]

1. c4 b6 2. Nc3 Bb7 3. e4 e6 4. Nf3 Nf6 5. e5 Ne4 6. Bd3 Ng5 7. Be2 Nxf3+ 8. Bxf3 Bxf3 9. Qxf3 Nc6 10. Qe4 Bc5 11. Ne2 f5 12. exf6 Qxf6 13. O-O O-O 14. Kh1 Bxf2 15. d4 Qg6 16. Qxg6 hxg6 17. d5 Nd4 18. Nf4 Nc2 19. Rb1 Be3 20. Bxe3 Nxe3 21. Rf3 Nxc4 22. Rd1 Nxb2 23. Rdf1 g5 24. Ng6 Rxf3 25. Rxf3 Re8 26. Re3 Nc4 27. Re1 Nd6 28. h3 exd5 29. Rf1 d4 30. Kh2 c5 31. h4 d3 32. hxg5 c4 33. Nf4 d2 0-1


[Site "https://www.chess.com"]

[Event "Titled Tuesday Blitz February 15 Early 2022"]
[White "Nurmanova, Alua"]
[Black "Korchmar, Vasiliy"]
[WhiteFideId "13729390"]
[BlackFideId "24131750"]
[WhiteElo "1851"]
[BlackElo "2370"]
[Result "1/2-1/2"]
[Round "05"]
[TimeControl "180+1"]
[Date "2022.02.15"]
[WhiteClock "0:00:06"]
[BlackClock "0:00:04"]

1. e4 c5 2. Nf3 d6 3. d4 cxd4 4. Nxd4 Nf6 5. Nc3 Nc6 6. Bg5 e6 7. Qd2 a6 8. O-O-O h6 9. Nxc6 bxc6 10. Bf4 d5 11. Qe3 Bb4 12. a3 Ba5 13. Qc5 Bd7 14. exd5 cxd5 15. Bd6 Rc8 16. Qd4 Bxc3 17. bxc3 Bb5 18. Bxb5+ axb5 19. Bb4 Ne4 20. f3 Rc4 21. Qxg7 Qf6 22. Qxf6 Nxf6 23. Rhe1 Rg8 24. Re2 Kd7 25. Kb2 h5 26. g3 h4 27. g4 h3 28. Rd4 Nh7 29. Re3 Ng5 30. f4 Ne4 31. Rxh3 Rxg4 32. Rh7 Rxf4 33. Rxc4 dxc4 34. h4 Ng3 35. h5 e5 36. h6 Ke6 37. Rh8 Rh4 38. h7 Kf5 39. Bd6 Ne4 40. Bxe5 Ng5 41. Bd4 Ne6 42. Re8 Rxh7 43. Re7 Ke4 44. Rb7 Nxd4 45. cxd4 Kxd4 46. Rxb5 c3+ 47. Kb3 Rh1 48. Rb4+ Ke3 49. Kxc3 f5 50. Rb7 f4 51. Re7+ Kf2 52. a4 f3 53. a5 Ra1 54. Kb4 Kg2 55. Kb5 f2 56. Rg7+ Kh2 57. Rf7 Kg1 58. Kb6 f1=Q 59. Rxf1+ Kxf1 60. a6 Ke2 61. a7 Kd2 62. c4 Kd3 63. c5 Kd4 64. Kb7 Kxc5 65. a8=Q Rxa8 66. Kxa8 1/2-1/2


[Site "https://www.chess.com"]